AoeStats
← Qanfy

Nomad

504492091Analyzed
2v2 RM · 27d ago on Sep 5, 2026· 57m 3s· 4 players
Game mode
Random Map
Map size
176×176
Population
200
Speed
Normal
Resources
Standard
Victory
Conquest
Starting age
Dark Age
Ending age
Imperial Age
RankedLock teamsTeams togetherTeam positionsShared explorationLock speedFull tech treeHidden civsTurbo modeCheats
Victory
Defeat
🇫🇮 Portuguese · Finland
1308
+14
🇺🇾 Persians · Uruguay
1265
+16
🇪🇪 Hindustanis · Estonia
1268
-15
🇪🇪 Koreans · Estonia
1266
-15
Qanfy
9:14 Loom
12:41 Feudal Age
13:55 Double-Bit Axe
16:40 Fishing Lines
21:14 Wheelbarrow
22:57 Castle Age
22:06 Fletching
22:43 Gold Mining
24:02 Scale Mail Armor
24:45 Bodkin Arrow
24:57 Squires
25:42 Chain Mail Armor
26:39 Gambesons
27:23 Town Watch
27:52 Bow Saw
28:27 Stone Mining
29:33 Forging
31:10 Ballistics
31:27 Hand Cart
31:13 Treadmill Crane
32:21 Iron Casting
36:14 Masonry
36:19 Horse Collar
45:55 Imperial Age
48:23 Plate Mail Armor
49:33 Heavy Rocket Cart
52:07 Chemistry
52:15 Architecture
53:11 Conscription
54:12 Elite Fire Lancer
meelis
13:14 Loom
14:59 Feudal Age
20:22 Castle Age
19:33 Double-Bit Axe
19:29 Horse Collar
21:36 Scale Mail Armor
22:16 Gold Mining
27:06 Heavy Plow
30:18 Squires
32:23 Chain Mail Armor
32:19 Forging
37:47 Wheelbarrow
36:59 Town Watch
39:11 Bow Saw
39:19 Arson
39:52 Forging
41:48 Bloodlines
41:39 Husbandry
41:00 Light Cavalry
44:48 Imperial Age
43:25 Scale Barding Armor
44:53 Chain Barding Armor
45:23 Hussar
49:48 Heavy Camel Rider
53:32 Gold Shaft Mining
52:48 Stone Mining
56:04 Plate Barding Armor
The Cacun
5:16 Loom
13:00 Feudal Age
18:02 Castle Age
16:26 Double-Bit Axe
17:45 Town Watch
19:05 Bow Saw
20:22 Wheelbarrow
20:20 Fishing Lines
22:46 Fletching
24:45 Horse Collar
26:59 Bodkin Arrow
27:55 Gold Mining
29:19 Forging
30:51 Scale Barding Armor
37:00 Hand Cart
40:41 Imperial Age
39:09 Chain Barding Armor
39:51 Heavy Plow
40:09 Bloodlines
40:00 Husbandry
42:08 Conscription
43:18 Citadels
46:26 Two-Man Saw
46:51 Stone Mining
47:05 Cavalier
49:02 Ballistics
49:43 Chemistry
48:54 Masonry
48:39 Murder Holes
50:04 Plate Barding Armor
50:49 Hoardings
51:36 Iron Casting
52:58 Gold Shaft Mining
53:00 Stone Shaft Mining
53:43 Blast Furnace
52:15 Light Cavalry
54:24 Guilds
55:37 Savar
56:08 Onager
Redwings10k
3:25 Loom
14:06 Feudal Age
15:04 Double-Bit Axe
18:00 Castle Age
19:29 Medium Warships
21:46 Wheelbarrow
22:33 Town Watch
23:06 Fletching
23:15 Horse Collar
23:54 Bow Saw
24:56 Bodkin Arrow
26:02 Hand Cart
33:39 Fishing Lines
38:33 Imperial Age
37:10 Circumnavigation
37:26 Scale Mail Armor
37:36 Forging
37:52 Masonry
38:30 Ballistics
40:24 Chemistry
39:56 Architecture
40:23 Conscription
40:13 Elite Organ Gun
41:20 Bracer
44:10 Husbandry
43:32 Cavalier
44:22 Bloodlines
44:21 Scale Barding Armor
44:31 Chain Mail Armor
44:27 Forging
46:44 Siege Engineers
47:01 Ballistics
48:17 Stone Mining
48:20 Gold Mining
49:28 Iron Casting
51:05 Thumb Ring
50:30 Light Cavalry
51:15 Padded Archer Armor
51:37 Chain Barding Armor
52:25 Arquebus
54:50 Two-Man Saw
54:37 Bombard Tower
54:12 Murder Holes
56:08 Coinage
55:39 Caravan
56:12 Fortified Wall
Connection lost

Rejoining the realm…

Still unreachable

The connection could not be restored.

Session expired

The server has moved on; the page needs a fresh start.